 Dungeon Crawl Stone Soup version 0.32-a0-131-g9dbbe29 (webtiles) character file.

Game seed: 7498722112362175478

386 Cont the Covered (level 6, 0/49 HPs)
             Began as a Barachi Fighter on Feb 8, 2024.
             Was a Believer of Ru.
             Slain by a gnoll
             ... wielding a +0 halberd
             ... led by a gnoll sergeant
              (8 damage)
             ... on level 5 of the Dungeon.
             The game lasted 00:09:06 (3557 turns).

Cont the Covered (Barachi Fighter)                  Turns: 3557, Time: 00:09:06

Health: 0/49       AC:  3    Str: 19    XL:     6   Next: 78%
Magic:  6/6        EV:  9    Int: 15    God:    Ru [**....]
Gold:   273        SH:  5    Dex: 11    Spells: 5/5 levels left

rFire   . . .        a - +0 war axe (venom)
rCold   . . .        c - +0 buckler
rNeg    . . .        b - +1 scale mail
rPois   .            (no helmet)
rElec   .            (no cloak)
rCorr   +            (no gloves)
SInv    .            (no boots)
Will    .....        (no amulet) Stlth
                     e - +6 ring of intelligence
HPRegen 0.28/turn    m - ring of resist corrosion
MPRegen 0.10/turn

%: no passive effects
@: slow
A: amphibious, slowness 1, inability to read after injury 2, reduced AC 1,
strong legs 1, +LOS
a: Hop, Renounce Religion


You were on level 5 of the Dungeon.
You worshipped Ru.
Ru was pleased with you.
You visited 1 branch of the dungeon, and saw 5 of its levels.

You collected 273 gold pieces.

Inventory:

Hand Weapons
 a - a +0 war axe of venom (weapon)
 i - a +2 short sword of venom
Armour
 b - a +1 scale mail (worn)
 c - a +0 buckler (worn)
 j - a +2 leather armour of willpower
Jewellery
 e - a +6 ring of intelligence (left hand)
 m - a ring of resist corrosion (right hand)
Scrolls
 h - 2 scrolls of identify
 n - a scroll of teleportation
Potions
 d - a potion of might
 f - 2 potions of curing
 g - 3 potions of enlightenment
 k - a potion of attraction
 l - a potion of brilliance


   Skills:
 + Level 4.7 Fighting
 + Level 4.8 Axes
 + Level 5.6 Armour
 + Level 1.3 Dodging
 + Level 0.2 Stealth
 + Level 4.4 Shields


You had 5 spell levels left.
You didn't know any spells.
Your spell library contained the following spells:

 Spells                   Type           Power      Damage    Failure   Level
 Volatile Blastmotes      Fire/Tloc      0%         2d10      95%         3
 Fulminant Prism          Conj/Alch      0%         3d5       100%        4
 Iskenderun's Mystic Bla  Conj/Tloc      0%         2d3       100%        4
 Leda's Liquefaction      Alch/Erth      0%         N/A       100%        4
 Lee's Rapid Deconstruct  Erth           0%         3d4*      100%        5
 Bombard                  Conj/Erth      0%         9d1       100%        6


Dungeon Overview and Level Annotations

Branches:
Dungeon (5/15)
 Temple: D:4-7

Altars:
Ashenzari
Hepliaklqana
Qazlal
Ru
Uskayaw
Zin

Shops:
D:4 *   D:5 [


Innate Abilities, Weirdness & Mutations

You are amphibious.
You cover ground slowly.
You sometimes lose the ability to read scrolls when taking damage.
You take slightly more damage. (AC -5)
You can hop short distances.
You have an extended range of vision and can be seen from far away.


Message History

An adder is nearby!
Found a stone staircase leading down.
A gnoll comes into view. It is wielding a +0 whip.
The gnoll shouts!
The adder barely misses you.
A gnoll comes into view. It is wielding a +0 halberd.
The adder barely misses you.
A gnoll sergeant comes into view. It is wielding a +4 heavy spear.
The gnoll sergeant shouts!
The adder barely misses you.
There are monsters nearby!
You slash the adder!
You kill the adder!
A gnoll comes into view. It is wielding a +0 whip.
There is an entrance to Towitzafinn's Antique Armour Emporium here.
A gnoll comes into view. It is wielding a +0 halberd.
The gnoll shouts! x2; You hear a bark!
A phantom comes into view.
You closely miss the gnoll. The gnoll hits you with a +0 whip!
The gnoll hits you from afar with a +0 halberd.
You block the gnoll's attack.
A hound comes into view.
An orc comes into view. It is wielding a +0 mace.
The orc shouts!
You hear a shout! x2
The gnoll hits you with a +0 whip.
You focus your inner power and illuminate the gnoll in retribution!
You block the gnoll sergeant's attack.
An orc comes into view. It is wielding a +0 flail.
A gnoll comes into view. It is wielding a +0 flail of draining.
You hit the gnoll sergeant.
The gnoll sergeant is poisoned.
The gnoll sergeant is lightly wounded.
You hit the gnoll.
The gnoll is poisoned.
You completely miss the gnoll. You barely miss the gnoll.
The gnoll closely misses you. You block the gnoll's attack.
The gnoll sergeant hits you with a +4 heavy spear!!
The gnoll hits you with a +0 whip!
* * * LOW HITPOINT WARNING * * *
The gnoll closely misses you. The gnoll hits you with a +0 halberd!
You die...
Ru respects your ultimate sacrifice.

.... #...... ..
#go.##..... ....
.........#.....
.o......#....
.>.........##
###h..........# #
###⌠#.gW....##...
#.#.#.ß#gg..?$.....
........g@g........
..................
.#.#.ß...∩........
#.#........$...
############.....$.##...
. .................## ..
..##...............#
......................
##..........##.....##..


You could see a phantom, a gnoll sergeant (very poisoned), a hound, 5 gnolls and
2 orcs.

Vanquished Creatures
  A black bear (D:4)
  A scorpion (D:4)
  A hound (D:5)
  A bombardier beetle (D:3)
  A sleepcap (D:2)
  3 gnolls (D:4)
  5 adders
  A dart slug (D:4)
  2 ribbon worms
  6 orcs (D:3)
  7 ball pythons
  2 bats
  3 endoplasms
  2 giant cockroaches (D:2)
  3 goblins
  5 hobgoblins
  5 jackals
  3 quokkas
  5 frilled lizards
  4 kobolds
  5 rats
66 creatures vanquished.

Vanquished Creatures (others)
  An adder (D:3)
1 creature vanquished.

Grand Total: 67 creatures vanquished

Notes
Turn   | Place    | Note
-------+----------+-------------------------------------------
     0 | D:1      | Cont the Barachi Fighter began the quest for the Orb.
     0 | D:1      | Reached XP level 1. HP: 18/18 MP: 1/1
    98 | D:1      | Found a faded altar of an unknown god.
   108 | D:1      | Prayed at the altar of an unknown god.
   108 | D:1      | Became a worshipper of Ru the Awakened
   128 | D:1      | Gained mutation: You occasionally lose the ability to read
                  | scrolls when taking damage. [Ru sacrifice]
   128 | D:1      | Gained mutation: You sometimes lose the ability to read
                  | scrolls when taking damage. [Ru sacrifice]
   128 | D:1      | Reached * piety under Ru
   370 | D:1      | Reached XP level 2. HP: 25/25 MP: 2/2
   822 | D:2      | Reached skill level 4 in Armour
   830 | D:2      | Reached XP level 3. HP: 16/30 MP: 3/3
  1224 | D:2      | You fall into a shaft and drop 1 floor!
  1279 | D:3      | Found a hide-covered altar of Uskayaw.
  1288 | D:3      | Reached XP level 4. HP: 35/37 MP: 4/4
  1546 | D:3      | Reached XP level 5. HP: 41/42 MP: 5/5
  1670 | D:3      | Found a stormy altar of Qazlal.
  1793 | D:3      | Found a broken altar of Ashenzari.
  1826 | D:3      | Found a hazy altar of Hepliaklqana.
  1918 | D:3      | Reached skill level 5 in Armour
  2440 | D:4      | Noticed a black bear
  2448 | D:4      | Killed a black bear
  2449 | D:4      | Reached skill level 1 in Dodging
  2449 | D:4      | Reached XP level 6. HP: 41/49 MP: 6/6
  2453 | D:4      | Gained mutation: You take slightly more damage. (AC -5) [Ru
                  | sacrifice]
  2453 | D:4      | Reached ** piety under Ru
  2608 | D:4      | Found Gask's Lightly-Used Armoury.
  2838 | D:4      | Found a glowing silver altar of Zin.
  3471 | D:5      | Entered Level 5 of the Dungeon
  3539 | D:5      | Found Towitzafinn's Antique Armour Emporium.
  3557 | D:5      | Slain by a gnoll

Illustrated notes

Levels and vault maps discovered:
D:1:      dpeg_arrival_castle, layout_loops_corners,
          hellmonk_ecumenical_altar_leap_of_faith
D:2:      layout_rooms, chequers_serial_rivers_large_a
D:3:      layout_loops_ring, mainiacjoe_overflow_boulevard,
          mainiacjoe_overflow_concentric_impassable, jmf_multi_god_temple2
D:4:      layout_basic, zin_scriptorium, minmay_shop_damaged, nicolae_titane
D:5:      layout_cave_pools, minitemple, serial_shops,
          nicolae_shop_hallway_stairs, shop, shop, minmay_misc_feat_five,
          hangedman_abyss_or_decor_slice

Skill      XL: |  1  2  3  4  5 |
---------------+----------------+-----
Armour         | 4 5 |  5.6
Axes           | 3 4 |  4.8
Fighting       | 4 |  4.7
Shields        | 4 |  4.4
Dodging        | 1 |  1.3
Stealth        | |  0.2

Action                     |  1- 3 |  4- 6 || total
---------------------------+-------+-------++-------
  Melee: War axe           |    65 |   121 ||   186
 Invoke: Sacrifice Words   |     1 |       ||     1
         Sacrifice Health  |       |     1 ||     1
Ability: Hop               |     2 |     2 ||     4
    Use: Scroll            |     6 |     7 ||    13
         Potion            |     3 |       ||     3
 Armour: Scale mail        |    41 |    86 ||   127
  Dodge: Dodged            |    52 |    74 ||   126
  Block: Buckler           |    14 |    26 ||    40

Table legend: (Time is in decaauts)
 A = Elapsed time spent in this place.
 B = Non-inter-level travel time spent in this place.
 C = Inter-level travel time spent in this place.
 D = Time resting spent in this place.
 E = Time spent auto-exploring this place.
 F = Levels seen in this place.
 G = Mean time per level.
                   A        B        C        D        E       F      G
               +--------+--------+--------+--------+--------+-----+--------+
         Total |   4094 |   4094 |      0 |    326 |   2908 |   5 |  818.8 |
       Dungeon |   4094 |   4094 |      0 |    326 |   2908 |   5 |  818.8 |
               +--------+--------+--------+--------+--------+-----+--------+

Top non-repeatable levels by time:
     D:3: 1308 daAuts
     D:4: 1273 daAuts
     D:1: 945 daAuts
     D:2: 469 daAuts
     D:5: 97 daAuts
